 Dungeon Crawl Stone Soup version 0.27-a0-1281-ge233d83751 (webtiles) character file.

Game seed: 15768896703979914380

176 sanka the Changer (level 5, 0/33 HPs)
             Began as an Octopode Transmuter on June 13, 2021.
             Was an Initiate of Okawaru.
             Slain by a black bear (5 damage)
             ... on level 4 of the Dungeon.
             The game lasted 00:04:32 (3579 turns).

sanka the Changer (Octopode Transmuter)             Turns: 3579, Time: 00:04:33

Health: 0/33       AC:  1    Str:  9    XL:     5   Next: 56%
Magic:  7/8        EV: 13    Int: 15    God:    Okawaru [......]
Gold:   158        SH:  0    Dex: 14    Spells: 2/8 levels left

rFire    . . .     SeeInvis .     - Unarmed
rCold    . . .     Faith    +   (no shield)
rNeg     . . .     Spirit   .   (helmet restricted)
rPois    .         Reflect  .   k - amulet of faith
rElec    .         Harm     .   (no ring)
rCorr    .         Rampage  .   (no ring)
Will     .....                  (no ring)
Stlth    ++........             (no ring)
HPRegen  0.11/turn              (no ring)
MPRegen  0.11/turn              (no ring)
                                (no ring)
                                (no ring)

@: no status effects
A: almost no armour, amphibious, 8 rings, camouflage 1, gelatinous body 1,
(nimble swimmer 1), tentacles
a: Renounce Religion


You were on level 4 of the Dungeon.
You worshipped Okawaru.
Okawaru was noncommittal.
You visited 1 branch of the dungeon, and saw 4 of its levels.

You collected 158 gold pieces.


Innate Abilities, Weirdness & Mutations

You cannot wear most types of armour.
You are amphibious.
You can wear up to eight rings at the same time.
Your skin changes colour to match your surroundings (Stealth+).
Your rubbery body absorbs attacks. (AC +1, EV +1)
((You are camouflaged near water. (Stealth+)))
You have tentacles for arms and can constrict up to eight enemies at once.


   Skills:
 - Level 1.0 Fighting
 - Level 2.0 Dodging
 - Level 3.0 Unarmed Combat
 - Level 2.0 Spellcasting
 + Level 4.6 Transmutations
 + Level 3.4 Poison Magic


You had 2 spell levels left.
You knew the following spells:

 Your Spells              Type           Power      Damage    Failure   Level
x - Spider Form           Tmut/Pois      6%         N/A       13%         3
y - Wereblood             Tmut           15%        N/A       4%          2
z - Beastly Appendage     Tmut           30%        N/A       3%          1

Your spell library contained the following spells:

 Spells                   Type           Power      Damage    Failure   Level
 Corona                   Hex            1%         N/A       22%         1
 Magic Dart               Conj           4%         1d3       22%         1
 Blink                    Tloc           N/A        N/A       32%         2
 Call Imp                 Summ           1%         N/A       32%         2
 Ensorcelled Hibernation  Hex/Ice        2%         N/A       32%         2
 Slow                     Hex            1%         N/A       32%         2
 Mephitic Cloud           Conj/Pois/Air  4%         N/A       38%         3
 Confusing Touch          Hex            1%         N/A       54%         3
 Conjure Flame            Conj/Fire      1%         6-21      54%         3
 Dazzling Flash           Conj/Hex       2%         N/A       54%         3
 Tukima's Dance           Hex            1%         N/A       54%         3
 Ice Form                 Ice/Tmut       8%         N/A       65%         4

Inventory:

Jewellery
 k - an amulet of faith (around mantle)
 m - an amulet of magic regeneration
Scrolls
 a - a scroll of amnesia {unknown}
 d - 4 scrolls of teleportation {unknown}
 e - a scroll of vulnerability {unknown}
 f - a scroll of fear {unknown}
 i - 5 scrolls of identify {unknown}
 j - a scroll of silence {unknown}
Potions
 b - a potion of invisibility {unknown}
 c - a potion of flight {unknown}
 g - 2 potions of curing {unknown}
 h - a potion of resistance {unknown}
 l - a potion of mutation {unknown}
 n - a potion of attraction {unknown}
 o - a potion of lignification {unknown}

Dungeon Overview and Level Annotations

Branches:
Dungeon (4/15)
 Temple: D:4-7

Altars:
Nemelex Xobeh
Okawaru
Sif Muna
Lugonu

Shops:
D:4 :

Annotations:
D:4 2 runed translucent doors

▒▒......▒▒
▒......▒ ▒▒
▒......▒▒▒ ▒ ▒.▒
▒...▒▒.▒.▒▒.▒▒▒
##.
▒...▒▒.........
.##
▒▒...▒▒▒..▒▒.▒▒▒
##
....[...........
K.▒
..▒▒.▒▒▒.▒.▒▒.▒▒.
..▒ ...
▒.xhow▒.▒▒.▒▒.▒
..▒ ..
▒.▒▒▒.)......?▒
.▒▒ ...
▒.▒▒.▒.▒▒▒▒ ▒▒
▒.... ▒.▒ ... ▒
...... ▒.▒ .....
▒▒▒▒▒▒. ..▒
▒...▒.▒ ▒. ▒..
...▒ . ▒. ▒.▒
...▒ ▒.▒ .h.▒


You could see a black bear (extremely poisoned), a dart slug and an orc.


Message History

You closely miss something. Something barely misses you.
You bite something! Something barely misses you.
You hit something but do no damage. Okawaru accepts your kill.
Reactivating autopickup.
You feel a bit more experienced.
You hit the black bear.
The black bear is lightly wounded.
The black bear bites you.
* * * LOW HITPOINT WARNING * * *
The black bear claws you.
* * * LOW HITPOINT WARNING * * *
The black bear misses you.
You hit the black bear but do no damage.
The black bear is poisoned.
The black bear is lightly wounded.
The black bear barely misses you.
The black bear claws you but does no damage.
The black bear closely misses you.
You hit the black bear.
The black bear looks as sick as possible!
The black bear is heavily wounded.
Your transformation has ended.
The black bear bites you.
* * * LOW HITPOINT WARNING * * *
The black bear misses you. The black bear claws you.
You die...

Action                   |  1- 3 |  4- 6 || total
-------------------------+-------+-------++-------
Melee: Unarmed           |    73 |    70 ||   143
       Constrict         |    21 |    12 ||    33
       Tentacles         |     8 |     7 ||    15
       Punch             |     1 |     1 ||     2
 Cast: Spider Form       |     1 |     1 ||     2
 Stab: Sleeping          |     3 |     2 ||     5
Armor: Skin              |     6 |     2 ||     8
Dodge: Dodged            |    61 |    48 ||   109

Levels and vault maps discovered:
D:1:      shiori_shiawase, layout_rooms
D:2:      layout_basic, basic_altar
D:3:      layout_basic, kennysheep_generic_room_7
D:4:      due_chaos_kobolds, layout_basic, gammafunk_temple_overflow_statue,
          serial_shops, shop

Notes
Turn   | Place    | Note
-------+----------+-------------------------------------------
     0 | D:1      | sanka the Octopode Transmuter began the quest for the Orb.
     0 | D:1      | Reached XP level 1. HP: 13/13 MP: 3/3
   222 | D:1      | Reached XP level 2. HP: 18/18 MP: 5/5
   255 | D:1      | Learned a level 2 spell: Wereblood
   419 | D:1      | Reached skill level 3 in Transmutations
   852 | D:2      | Found a shimmering blue altar of Sif Muna.
   949 | D:2      | Reached XP level 3. HP: 23/23 MP: 6/6
   954 | D:2      | Learned a level 3 spell: Spider Form
  1795 | D:3      | Reached skill level 1 in Poison Magic
  1795 | D:3      | Reached XP level 4. HP: 28/28 MP: 3/7
  1959 | D:3      | Reached skill level 2 in Poison Magic
  2122 | D:3      | Reached skill level 4 in Transmutations
  2716 | D:4      | Found Vimoss's Book Shoppe.
  3026 | D:4      | Reached skill level 3 in Poison Magic
  3026 | D:4      | Reached XP level 5. HP: 19/33 MP: 2/8
  3221 | D:4      | Found an iron altar of Okawaru.
  3221 | D:4      | Found a sparkling altar of Nemelex Xobeh.
  3234 | D:4      | Became a worshipper of Warmaster Okawaru
  3355 | D:4      | Found a large runed translucent door.
  3357 | D:4      | Found a large runed translucent door.
  3419 | D:4      | Found a corrupted altar of Lugonu.
  3556 | D:4      | Noticed a black bear
  3579 | D:4      | Slain by a black bear

Vanquished Creatures
  A hound (D:4)
  An orc priest (D:3)
  An orc wizard (D:4)
  3 adders
  An ufetubus (D:4)
  A worm (D:4)
  2 dart slugs (D:3)
  5 orcs
  2 bats
  2 endoplasms (D:3)
  7 goblins
  4 hobgoblins
  4 jackals (D:1)
  A quokka (D:1)
  4 ball pythons (D:1)
  2 frilled lizards
  5 kobolds
  3 rats
49 creatures vanquished.
